 Dungeon Crawl Stone Soup version 0.30-a0-439-g9e77e4d916 (webtiles) character file.

Game seed: 14984835706823672818

6323 Darkkill the Fighter (level 10, -2/93 HPs)
             Began as a Minotaur Hunter on Dec 10, 2022.
             Was an Initiate of Gozag.
             Slain by a yak (8 damage)
             ... on level 8 of the Dungeon.
             The game lasted 00:07:26 (6316 turns).

Darkkill the Fighter (Minotaur Hunter)              Turns: 6316, Time: 00:07:27

Health: -2/93      AC:  8    Str: 16    XL:     10   Next: 64%
Magic:  9/9        EV: 16    Int:  6    God:    Gozag
Gold:   882        SH:  0    Dex: 18    Spells: 9/9 levels left

rFire   + . .      SeeInvis +    a - +4 shortbow
rCold   . . .      Faith    .    (shield currently unavailable)
rNeg    . . .      Spirit   .    m - +1 ring mail "Acwu Jiurr" {Regen+ Slay+6}
rPois   .          Reflect  .    (helmet restricted)
rElec   .          Harm     +    (no cloak)
rCorr   .          Rampage  .    (no gloves)
Will    .....                    p - +1 pair of boots "Xeeddiwn" {Harm rF+ Regen+}
Stlth   +++.......               (no amulet)
HPRegen 1.95/turn                d - +4 ring of slaying
MPRegen 0.11/turn                o - ring of see invisible

@: gold aura
A: horns 2, retaliatory headbutt
a: Renounce Religion, Potion Petition, Call Merchant, Bribe Branch


You were on level 8 of the Dungeon.
You worshipped Gozag.
Gozag was pleased with you.
You visited 2 branches of the dungeon, and saw 9 of its levels.
You also visited: Sewer.

You collected 1056 gold pieces.
You spent 135 gold pieces at shops.
You paid 39 gold pieces to Gozag.

Inventory:

Hand Weapons
 a - a +4 shortbow (weapon)
Missiles
 f - 59 stones
 i - 3 throwing nets {=f !f}
Armour
 m - the +1 ring mail "Acwu Jiurr" (worn) {Regen+ Slay+6}
   (You found it on level 2 of the Dungeon)

   Slay:      It affects your accuracy & damage with ranged weapons and melee
   (+6).
   Regen:     It increases your rate of health regeneration.
 p - the +1 pair of boots "Xeeddiwn" (worn) {Harm rF+ Regen+}
   (You acquired it on level 2 of the Dungeon)

   rF:        It protects you from fire.
   Regen:     It increases your rate of health regeneration.
   Harm:      It increases damage dealt and taken.
Jewellery
 d - a +4 ring of slaying (left hand)
 o - a ring of see invisible (right hand)
Wands
 z - a wand of flame (23)
Scrolls
 b - 2 scrolls of immolation
 h - a scroll of identify {@r1}
 v - 3 scrolls of magic mapping
Potions
 c - 3 potions of lignification {unknown}
 e - 2 potions of berserk rage
 g - a potion of haste {unknown}
 j - 4 potions of invisibility
 k - 3 potions of flight
 n - a potion of mutation {unknown}
 r - 5 potions of brilliance
 t - 2 potions of resistance {unknown}
 w - 2 potions of might {unknown}


   Skills:
 + Level 10.0 Fighting
 + Level 9.9 Ranged Weapons
 + Level 9.2 Dodging
 + Level 7.4 Stealth


You had 9 spell levels left.
You didn't know any spells.
Your spell library contained the following spells:

 Spells                   Type           Power      Damage    Failure   Level
 Freeze                   Ice            0%         1d3       67%         1
 Kiss of Death            Conj/Necr      0%         2d5       67%         1
 Blink                    Tloc           0%         N/A       82%         2
 Momentum Strike          Conj/Tloc      0%         3d8       82%         2
 Frozen Ramparts          Ice            0%         1d1       96%         3
 Hailstorm                Conj/Ice       0%         3d3       96%         3
 Lesser Beckoning         Tloc           0%         N/A       96%         3
 Portal Projectile        Hex/Tloc       0%         N/A       96%         3
 Tukima's Dance           Hex            0%         N/A       96%         3
 Ice Form                 Ice/Tmut       0%         N/A       100%        4
 Blade Hands              Tmut           0%         N/A       100%        5
 Simulacrum               Ice/Necr       Unusable   N/A       N/A         6

Dungeon Overview and Level Annotations

Branches:
Dungeon (8/15)             Temple (1/1) D:4           Sewer (visited)
   Lair: D:8-11

Altars:
Ashenzari
Dithmenos
Elyvilon
Fedhas
Gozag
Hepliaklqana
Kikubaaqudgha
Makhleb
Nemelex Xobeh
Okawaru
Qazlal
Ru
Sif Muna
Uskayaw
Vehumet
Wu Jian
Xom
Yredelemnul
Zin
The Shining One

Shops:
D:2 *   D:4 !   D:6 ?   D:8 ?*=!

Annotations:
D:1 1 runed translucent door
D:3 1 runed translucent door, Crazy Yiuf
D:5 1 runed translucent door, lunkers's ghost, novice MeGl


Innate Abilities, Weirdness & Mutations

You have a pair of horns on your head.
You reflexively headbutt those who attack you in melee.


Message History

The yak barely misses you.
The yak is distracted by your dazzling golden aura.
You shoot an arrow. The yak bellows!
The wyvern hisses angrily.
The arrow hits the yak!
The yak is heavily wounded.
The yak barely misses you.
There are monsters nearby!
There are monsters nearby!
You shoot an arrow. The arrow barely misses the yak.
The yak gores you!
You shoot an arrow.
The arrow hits the yak but does no damage.
The yak is heavily wounded.
The yak is no longer distracted by gold.
The yak misses you. You furiously retaliate!
You headbutt the yak!
There are monsters nearby!
There are monsters nearby!
You shoot an arrow. The arrow hits the yak!
You kill the yak!
The yak barely misses you. The yak closely misses you.
The wyvern bites you but does no damage.
Your Fighting skill increases to level 10!
There are monsters nearby!
You shoot an arrow. The arrow hits the yak!
The yak is moderately wounded.
The yak barely misses you. The wyvern barely misses you.
The yak is distracted by your dazzling golden aura.
The yak bellows!
You shoot an arrow. The arrow hits the yak!
The yak is no longer distracted by gold.
The yak is heavily wounded.
The wyvern bites you!
You hear a distant slurping noise.
The yak barely misses you. The yak gores you! The wyvern bites you.
The yak gores you! The yak misses you.
There are monsters nearby!
You are too injured to fight recklessly!
There are monsters nearby!
There are monsters nearby!
You are too injured to fight recklessly!
You are too injured to fight recklessly!
There are monsters nearby!
You are too injured to fight recklessly!
There are monsters nearby!
You are too injured to fight recklessly!
There are monsters nearby!
You are too injured to fight recklessly!
There are monsters nearby!
You are too injured to fight recklessly!
You shoot an arrow. The arrow hits the yak!
The yak is almost dead.
The wyvern bites you! The yak gores you!
* * * LOW HITPOINT WARNING * * *
The wyvern is distracted by your dazzling golden aura.
The yak gores you but does no damage.
The wyvern hisses angrily.
You shoot an arrow. The arrow closely misses the yak.
The wyvern is no longer distracted by gold.
The wyvern barely misses you. The yak barely misses you. The yak gores you.
* * * LOW HITPOINT WARNING * * *
You feel better. The wyvern barely misses you. The wyvern misses you.
The yak gores you. The yak gores you!
* * * LOW HITPOINT WARNING * * *
You hear a distant slurping noise.
You hear a squelching noise.
The yak is distracted by your dazzling golden aura.
The yak bellows!
You feel better. The wyvern misses you. The yak gores you.
* * * LOW HITPOINT WARNING * * *
The yak gores you but does no damage.
Aiming: Throw Flame
Press: ? - help, Q - select action, (/) - cycle Shift-Dir - straight line, p - yak The puff of flame hits the yak.
The yak is lightly wounded.
The wyvern bites you but does no damage. x2
The yak misses you. The yak barely misses you.
You shoot an arrow. The arrow hits the wyvern!
The wyvern is severely wounded.
The wyvern bites you.
* * * LOW HITPOINT WARNING * * *
The yak misses you. The yak gores you but does no damage.
You shoot an arrow. The arrow hits the wyvern!
You kill the wyvern!
The yak is no longer distracted by gold.
The yak is distracted by your dazzling golden aura.
The yak barely misses you. The yak gores you!
* * * LOW HITPOINT WARNING * * *
The yak bellows!
You shoot an arrow. The arrow completely misses the yak.
The yak is no longer distracted by gold.
The yak gores you.
* * * LOW HITPOINT WARNING * * *
The yak barely misses you. The yak closely misses you.
The yak attacks as you move away! The yak completely misses you.
The yak gores you!
* * * LOW HITPOINT WARNING * * *
You shoot an arrow. The arrow hits the yak.
The yak is lightly wounded.
The yak gores you!
You die...
Your body crumbles into a pile of gold.

...###..#..........#.
..#.#...#.#..........
...................#
....#..~.....#.....#
..................#
...........#......#
...........#......# $
...#~..Y.........#
...[....Y@......#.#
...#.#.$Y..#....# # .
............#....
...#.#....#...####.#
.......#..#..... #
....$..#:......#.
.........####..#
.......<# #..
.....##~≈


You could see 3 yaks.

Vanquished Creatures
  An unseen horror zombie (D:7)
  A hornet (D:6)
  Grinder (D:5)
  Sigmund (D:5)
  A wyvern (D:8)
  16 yaks
  A water moccasin (D:6)
  Pargi (Sewer)
  A black bear (D:5)
  A sky beast (D:7)
  A hornet zombie (D:7)
  2 ice beasts (D:8)
  2 ogres
  A wyvern zombie (D:7)
  A necrophage (D:5)
  A bullfrog (D:7)
  A water moccasin zombie (D:7)
  6 scorpions
  7 wights
  2 vampire bats (D:3)
  A bullfrog zombie (D:7)
  5 centaur zombies (D:7)
  2 hounds
  5 orc priests
  A gnoll bouda (D:7)
  4 jellies
  11 orc wizards
  5 iguanas
  2 killer bee zombies (D:7)
  11 gnolls
  A howler monkey zombie (D:7)
  A river rat (D:4)
  4 adders
  A white imp (D:5)
  An ufetubus (D:7)
  A dart slug (D:1)
  2 worms
  15 orcs
  12 bats
  13 endoplasms
  6 giant cockroaches
  3 goblins
  12 hobgoblins
  19 kobolds
  6 quokkas
  8 ball pythons
  8 frilled lizards
  5 rats
214 creatures vanquished.

Vanquished Creatures (others)
  5 fungi
  18 plants
  9 toadstools (D:2)
32 creatures vanquished.

Grand Total: 246 creatures vanquished

Notes
Turn   | Place    | Note
-------+----------+-------------------------------------------
     0 | D:1      | Darkkill the Minotaur Hunter began the quest for the Orb.
     0 | D:1      | Reached XP level 1. HP: 18/18 MP: 0/0
     3 | D:1      | Found a runed translucent door.
    41 | D:1      | Reached skill level 1 in Stealth
    64 | D:1      | Reached XP level 2. HP: 25/25 MP: 1/1
   218 | D:1      | Found a faded altar of an unknown god.
   693 | D:2      | Reached XP level 3. HP: 30/30 MP: 2/2
   723 | D:2      | Reached skill level 3 in Fighting
   884 | D:2      | Found Ysophe's Assorted Antiques.
   892 | D:2      | Bought a scroll labelled HUTHEKKIAX for 19 gold pieces
  1246 | D:2      | Reached XP level 4. HP: 25/38 MP: 3/3
  1252 | D:2      | Reached skill level 5 in Ranged Weapons
  1529 | D:2      | Identified the +1 ring mail "Acwu Jiurr" {Regen+ Slay+6}
  1572 | D:2      | Reached XP level 5. HP: 46/46 MP: 4/4
  1952 | D:2      | Bought a scroll labelled XUASHE ERIHAGAAV for 19 gold
                  | pieces
  1952 | D:2      | Acquired the +1 pair of boots "Xeeddiwn" {Harm rF+ Regen+}
  2083 | D:3      | Found a radiant altar of Vehumet.
  2090 | D:3      | Found an ancient bone altar of Kikubaaqudgha.
  2093 | D:3      | Reached skill level 4 in Fighting
  2098 | D:3      | Reached XP level 6. HP: 52/52 MP: 5/5
  2104 | D:3      | Got Kikubaaqudgha's Handbook of the Crypt
  2112 | D:3      | Found a shimmering blue altar of Sif Muna.
  2455 | D:3      | Found a sacrificial altar of Ru.
  2648 | D:3      | Found a runed translucent door.
  2649 | D:3      | Noticed Crazy Yiuf
  2727 | D:4      | Reached skill level 5 in Fighting
  2727 | D:4      | Reached XP level 7. HP: 52/61 MP: 6/6
  2846 | D:4      | Found a glowing drain.
  2860 | Sewer    | Entered a sewer
  2934 | Sewer    | Noticed Pargi
  2936 | Sewer    | Killed Pargi
  2937 | Sewer    | Reached skill level 5 in Dodging
  3090 | D:4      | Found a staircase to the Ecumenical Temple.
  3132 | Temple   | Entered the Ecumenical Temple
  3171 | Temple   | Became a worshipper of Gozag Ym Sagoz the Greedy
  3346 | D:4      | Found Ekuod's Distillery.
  3673 | D:4      | You fall into a shaft and drop 3 floors!
  3674 | D:7      | Noticed a yak
  3675 | D:7      | Noticed a yak
  3677 | D:7      | Noticed a yak
  3678 | D:7      | Killed a yak
  3679 | D:7      | Reached skill level 6 in Fighting
  3679 | D:7      | Reached XP level 8. HP: 70/70 MP: 7/7
  3690 | D:7      | Reached skill level 5 in Stealth
  3693 | D:7      | Reached skill level 7 in Fighting
  3724 | D:7      | Identified the +1 robe of Darkness {-Tele rPois Dex+4}
  3794 | D:7      | Reached XP level 9. HP: 79/79 MP: 8/8
  3978 | D:5      | Entered Level 5 of the Dungeon
  4028 | D:5      | Noticed Sigmund
  4030 | D:5      | Killed Sigmund
  4079 | D:5      | Noticed Grinder
  4082 | D:5      | Paralysed by Grinder for 2 turns
  4085 | D:5      | Killed Grinder
  4086 | D:5      | Reached skill level 8 in Fighting
  4427 | D:5      | Noticed lunkers's ghost (novice MeGl)
  4433 | D:5      | Found a runed translucent door.
  4672 | D:6      | Found Jigoeh's Magic Scroll Shop.
  4678 | D:6      | Bought a scroll of enchant weapon for 97 gold pieces
  5583 | D:7      | Found a glowing golden altar of the Shining One.
  5619 | D:7      | Found a hide-covered altar of Uskayaw.
  5620 | D:7      | Found a shadowy altar of Dithmenos.
  5661 | D:7      | Reached skill level 9 in Fighting
  5699 | D:7      | Reached XP level 10. HP: 65/91 MP: 9/9
  5865 | D:7      | Found an iron altar of Okawaru.
  6236 | D:8      | Found Selickem's Distillery.
  6236 | D:8      | Found Guithein's Jewellery Shoppe.
  6236 | D:8      | Found Otaof's Magic Scroll Shoppe.
  6236 | D:8      | Found Banecown's Assorted Antiques.
  6305 | D:8      | Reached skill level 10 in Fighting
  6309 | D:8      | HP: 18/93 [yak (13)]
  6314 | D:8      | HP: 12/93 [yak (2)]
  6315 | D:8      | HP: 4/93 [yak (10)]
  6316 | D:8      | Slain by a yak

Illustrated notes

Levels and vault maps discovered:
D:1:      dpeg_arrival_caged_fury, layout_loops_ring,
          shapermc_ecumenical_altar_acropolis
D:2:      cheibrodos_fertilizer, layout_basic, serial_shops, nicolae_shop_stone,
          grunt_decor_fettered, serial_bayou_lagoon_a, minivault_11
D:3:      layout_loops_ring, palyth_temple_overflow_mages,
          nicolae_ru_awakened_eye, roderic_batcave, uniq_crazy_yiuf_cottage
D:4:      layout_basic, minmay_temple_entry_ruins, serial_shops,
          nicolae_lakefront_shop, gup_sewer_entry_bubbles
D:5:      layout_rooms, hellmonk_ghost_happy_afterlife, uniq_sigmund,
          uniq_grinder
D:6:      layout_basic, serial_shops, shop, chequers_serial_rivers_micro_e
D:7:      layout_loops_ring, nicolae_overflow_squiral, tso_oasis_becter,
          mainiacjoe_overflow_surrounded_room, serial_undead, serial_undead_a,
          serial_undead_c, serial_undead_c, serial_undead_a,
          hangedman_minor_gate_pass
D:8:      layout_rooms, mainiacjoe_overflow_24_doors, kennysheep_slug_shrine,
          hellmonk_lair_entry_icy, minmay_shop_grid_forest
Temple:   minmay_temple_bridge_abc

Skill      XL: |  1  2  3  4  5  6  7  8  9 10 |
---------------+-------------------------------+-----
Stealth        | 1 2 3 4 5 6 7 |  7.4
Fighting       | 3 4 5 6 7 9 10 | 10.0
Dodging        | 3 4 5 6 8 9 |  9.2
Ranged Weapons | 5 6 7 9 |  9.9

Action                   |  1- 3 |  4- 6 |  7- 9 | 10-12 || total
-------------------------+-------+-------+-------+-------++-------
 Fire: Shortbow          |    91 |    90 |   176 |   108 ||   465
Evoke: Wand              |       |       |       |     1 ||     1
  Use: Scroll            |     7 |     4 |     8 |     4 ||    23
       Potion            |       |       |       |     3 ||     3
Armor: Leather armour    |    16 |     2 |       |       ||    18
       Ring mail         |       |    10 |    35 |    20 ||    65
Dodge: Dodged            |    39 |    26 |    58 |    74 ||   197

Table legend: (Time is in decaauts)
 A = Elapsed time spent in this place.
 B = Non-inter-level travel time spent in this place.
 C = Inter-level travel time spent in this place.
 D = Time resting spent in this place.
 E = Time spent auto-exploring this place.
 F = Levels seen in this place.
 G = Mean time per level.
                   A        B        C        D        E       F      G
               +--------+--------+--------+--------+--------+-----+--------+
         Total |   6504 |   6157 |    347 |    142 |   4791 |  10 |  650.4 |
       Dungeon |   6293 |   5966 |    327 |    142 |   4661 |   8 |  786.6 |
        Temple |     60 |     40 |     20 |      0 |     19 |   1 |   60.0 |
         Sewer |    149 |    149 |      0 |      0 |    111 |   1 |  149.0 |
               +--------+--------+--------+--------+--------+-----+--------+

Top non-repeatable levels by time:
     D:2: 1389 daAuts
     D:4: 1120 daAuts
     D:7: 972 daAuts
     D:6: 906 daAuts
     D:1: 693 daAuts
     D:3: 645 daAuts
     D:5: 467 daAuts
   Sewer: 149 daAuts
     D:8: 99 daAuts
  Temple: 60 daAuts

Table legend:
 A = Kills in this place as a percentage of kills in entire the game.
 B = Kills by you in this place as a percentage of kills by you in the entire game.
 C = Kills by friends in this place as a percentage of kills by friends in the entire game.
 D = Other kills in this place as a percentage of other kills in the entire game.
 E = Experience gained in this place as a percentage of experience gained in the entire game.
 F = Experience gained in this place divided by the number of levels of this place that you have seen.
                   A       B       C       D       E      F
               +-------+-------+-------+-------+-------+----------------------
         Total | 100.0 | 100.0 |   N/A |   N/A | 100.0 | 903.3
       Dungeon |  96.3 |  96.3 |   N/A |   N/A |  98.2 | 1109.0
         Sewer |   3.7 |   3.7 |   N/A |   N/A |   1.8 | 161.0
               +-------+-------+-------+-------+-------+----------------------
